 Dungeon Crawl Stone Soup version 0.27.1-34-g3ba077fa99 (webtiles) character file.

Game seed: 14622080324822334991

113820 KamiKatze the Eclecticist (level 16, -20/92 HPs)
             Began as a Deep Elf Conjurer on Jan 2, 2022.
             Was a High Priest of Vehumet.
             Killed from afar by a deep elf zephyrmancer (30 damage)
             ... with a bolt of lightning
             ... on level 1 of the Elven Halls on Jan 3, 2022.
             The game lasted 03:34:29 (36265 turns).

KamiKatze the Eclecticist (Deep Elf Conjurer)      Turns: 36265, Time: 03:34:38

Health: -20/92     AC: 12    Str:  4    XL:     16   Next: 14%
Magic:  24/39      EV: 16    Int: 31    God:    Vehumet [*****.]
Gold:   1092       SH:  6    Dex: 13    Spells: 8/49 levels left

rFire    + . .     SeeInvis .   X - staff of earth
rCold    . . .     Faith    .   V - +1 buckler {AC+3}
rNeg     . . .     Spirit   .   J - +2 robe {Will+}
rPois    .         Reflect  .   t - +0 helmet
rElec    .         Harm     .   (no cloak)
rCorr    .         Rampage  .   m - +0 pair of gloves
Will     ++...                  Y - +2 pair of boots
Stlth    ++++......             e - amulet of magic regeneration
HPRegen  0.25/turn              y - ring of flight
MPRegen  0.51/turn              K - ring of protection from fire

@: flying
A: no striking features
a: Renounce Religion


You were on level 1 of the Elven Halls.
You worshipped Vehumet.
Vehumet was extremely pleased with you.
You visited 5 branches of the dungeon, and saw 25 of its levels.
You also visited: Ice Cave.

You collected 2783 gold pieces.
You spent 1691 gold pieces at shops.

Inventory:

Hand Weapons
 u - a +1 dagger of venom
Missiles
 f - 2 throwing nets (quivered)
Armour
 h - +0 acid dragon scales
 i - a +3 troll leather armour {Snorg}
 m - a +0 pair of gloves (worn)
 o - a +2 robe of positive energy
 t - a +0 helmet (worn)
 E - a +0 leather armour of poison resistance
 F - a +2 robe of cold resistance
 J - a +2 robe of willpower (worn)
 P - a scarf of shadows
 V - a +1 buckler of protection (worn)
 Y - a +2 pair of boots (worn)
Magical Staves
 X - a staff of earth (weapon)
Jewellery
 e - an amulet of magic regeneration (around neck)
 k - a ring of positive energy
 r - an amulet of reflection
 y - a ring of flight (left hand)
 K - a ring of protection from fire (right hand)
 S - an amulet of guardian spirit
Wands
 p - a wand of iceblast (9)
 s - a wand of polymorph (7)
 v - a wand of paralysis (13)
 I - a wand of charming (10)
 N - a wand of flame (27)
 Q - a wand of acid (9)
Scrolls
 g - a scroll of acquirement
 q - 6 scrolls of identify
 w - 3 scrolls of vulnerability
 x - 6 scrolls of teleportation
 B - a scroll of magic mapping
 C - a scroll of fear
 O - a scroll of torment
 T - 3 scrolls of fog
Potions
 b - 10 potions of curing
 d - 5 potions of might
 j - a potion of attraction
 l - 3 potions of resistance
 n - 2 potions of invisibility
 z - 9 potions of heal wounds
 A - a potion of ambrosia
 D - 2 potions of haste
 G - 2 potions of lignification
 H - 4 potions of brilliance
 M - 4 potions of flight
Miscellaneous
 W - a phial of floods


   Skills:
 - Level 7.3 Fighting
 - Level 9.0 Dodging
 - Level 9.0 Stealth
 - Level 4.0 Shields
 * Level 17.2 Spellcasting
 + Level 13.6 Conjurations
 - Level 9.0 Hexes
 - Level 9.0 Translocations
 * Level 10.6 Fire Magic
 * Level 5.7 Air Magic
 + Level 10.2 Earth Magic
 - Level 6.0 Poison Magic


You had 8 spell levels left.
You knew the following spells:

 Your Spells              Type           Power      Damage    Failure   Level
a - Magic Dart            Conj           100%       1d8       0%          1
b - Searing Ray           Conj           100%       3d7       0%          2
c - Fulminant Prism       Conj/Hex       38%        3d18      1%          4
d - Iskenderun's Mystic   Conj/Tloc      77%        2d15      1%          4
e - Lee's Rapid Deconstr  Erth           47%        3d23*     1%          5
f - Ignite Poison         Fire/Tmut/Pois 57%        N/A       1%          3
g - Olgreb's Toxic Radia  Pois           59%        N/A       1%          4
h - Orb of Destruction    Conj           42%        9d14      1%          7
i - Iron Shot             Conj/Erth      50%        9d10      1%          6
z - Manifold Assault      Tloc           70%        N/A       1%          5

Your spell library contained the following spells:

 Spells                   Type           Power      Damage    Failure   Level
 Lightning Bolt           Conj/Air       36%        1d54      1%          5
 Foxfire                  Conj/Fire      100%       2x1d9     0%          1
 Animate Skeleton         Necr           52%        N/A       1%          1
 Apportation              Tloc           100%       N/A       1%          1
 Corona                   Hex            77%        N/A       1%          1
 Sting                    Tmut/Pois      100%       1d8       1%          1
 Summon Small Mammal      Summ           100%       N/A       1%          1
 Blink                    Tloc           N/A        N/A       1%          2
 Corpse Rot               Necr/Air       N/A        N/A       1%          2
 Poisonous Vapours        Pois/Air       100%       N/A       1%          2
 Slow                     Hex            70%        N/A       1%          2
 Confusing Touch          Hex            70%        N/A       1%          3
 Conjure Flame            Conj/Fire      80%        6-21      1%          3
 Dazzling Flash           Conj/Hex       100%       N/A       1%          3
 Gell's Gravitas          Tloc           35%        N/A       1%          3
 Inner Flame              Hex/Fire       73%        N/A       1%          3
 Lesser Beckoning         Tloc           35%        N/A       1%          3
 Mephitic Cloud           Conj/Pois/Air  68%        N/A       1%          3
 Stone Arrow              Conj/Erth      100%       3d13      1%          3
 Summon Guardian Golem    Hex/Summ       53%        N/A       1%          3
 Teleport Other           Tloc           70%        N/A       1%          3
 Animate Armour           Summ/Erth      100%       N/A       1%          4
 Cause Fear               Hex            35%        N/A       1%          4
 Hailstorm                Conj/Ice       62%        3d13      1%          4
 Leda's Liquefaction      Hex/Erth       46%        N/A       1%          4
 Petrify                  Tmut/Erth      73%        N/A       1%          4
 Sticky Flame             Conj/Fire      80%        2d9       1%          4
 Bolt of Magma            Conj/Fire/Erth 49%        4d20      1%          5
 Silence                  Hex/Air        32%        N/A       1%          5
 Yara's Violent Unravell  Hex/Tmut       26%        3d11      1%          5
 Conjure Ball Lightning   Conj/Air       36%        3x3d12    1%          6
 Vampiric Draining        Necr           13%        2d7       4%          3
 Metabolic Englaciation   Hex/Ice        26%        N/A       7%          5
 Spellforged Servitor     Conj/Summ      31%        N/A       21%         7
 Statue Form              Tmut/Erth      48%        N/A       28%         6
 Ignition                 Fire           37%        3d11      32%         8
 Blade Hands              Tmut           13%        N/A       41%         5
 Simulacrum               Ice/Necr       13%        N/A       94%         6
 Ozocubu's Refrigeration  Ice            13%        4d7       95%         7
 Discord                  Hex            35%        N/A       95%         8
 Disjunction              Tloc           35%        N/A       95%         8
 Dragon Form              Tmut           13%        N/A       100%        7
 Borgnjor's Revivificati  Necr           13%        N/A       100%        8
 Necromutation            Tmut/Necr      13%        N/A       100%        8
 Chain Lightning          Conj/Air       36%        3d48      99%         9
 Shatter                  Erth           47%        3d36*     99%         9
 Death's Door             Necr           13%        N/A       100%        9
 Dragon's Call            Summ           13%        N/A       100%        9


Dungeon Overview and Level Annotations

Branches:
Dungeon (15/15)            Temple (1/1) D:7            Lair (6/6) D:8
 Shoals (0/4) Lair:3       Spider (0/4) Lair:3        Slime (0/5) Lair:6
    Orc (2/2) D:12            Elf (1/3) Orc:2        Vaults (0/5) D:13
 Depths (0/5) D:15          IceCv (visited)

Altars:
Ashenzari
Cheibriados
Dithmenos
Elyvilon
Fedhas
Gozag
Hepliaklqana
Kikubaaqudgha
Makhleb
Nemelex Xobeh
Okawaru
Qazlal
Ru
Sif Muna
Trog
Uskayaw
Vehumet
Wu Jian
Xom
Yredelemnul
Zin
The Shining One
Beogh
Jiyva

Shops:
D:10 **   D:12 :   D:13 *   Orc:1 *   Orc:2 [:(*

Portals:
Trove: D:11 (give +5 demon blade)

Annotations:
D:11 3 runed translucent doors, exclusion: 3 doors, Sopaderocas's ghost, journeyman DDNe; Tzialkovskiy's ghost, journeyman TrFi; Ywein's ghost, journeyman GrBe; ildemir's ghost, journeyman MiFi


Message History

Confirm with . or Enter, or press ? or * to list all spells.
You erupt in a blast of force!
The mystic blast hits the +0 vorpal mace!
The +0 vorpal mace falls from the air.
Vehumet accepts your kill.
The deep elf archer shoots an arrow.
The arrow hits you!!
* * * LOW HITPOINT WARNING * * *
Casting: Iskenderun's Mystic Blast (safe; 1% risk of failure)
Confirm with . or Enter, or press ? or * to list all spells.
Aiming: Fulminant Prism (safe; 1% risk of failure)
Press: ? - help, Dir - move target
Okay, then.
Casting: Fulminant Prism (safe; 1% risk of failure)
Confirm with . or Enter, or press ? or * to list all spells.
Aiming: Lee's Rapid Deconstruction (mildly dangerous; 1% risk of failure)
Press: ? - help, Dir - move target A rock wall.
You feel a surge of power!
The wall shatters!
The blast of rock fragments hits the deep elf archer!!
The deep elf archer is severely wounded.
Vehumet accepts your kill.
You feel your power returning.
You feel a bit more experienced.
The deep elf archer shoots an arrow.
The arrow hits you!
* * * LOW HITPOINT WARNING * * *
Casting: Lee's Rapid Deconstruction (mildly dangerous; 1% risk of failure)
Confirm with . or Enter, or press ? or * to list all spells.
Aiming: Lee's Rapid Deconstruction (mildly dangerous; 1% risk of failure)
Press: ? - help, Dir - move target A rock wall.
You feel a surge of power!
The wall shatters!
The blast of rock fragments hits the deep elf archer!!
You kill the deep elf archer!
Vehumet accepts your kill.
The deep elf archer unwields a +0 dagger.
The deep elf archer wields a +0 shortbow.
The deep elf archer shoots an arrow.
The arrow hits you!
* * * LOW HITPOINT WARNING * * *
The deep elf zephyrmancer points at you and mumbles some strange words.
The bolt of lightning hits you!!
You die...

####.?... #.e..ee
##.##.##
#..e...####.####
#.)##....$......
#..###.##.......
#....#.# ....... #
#.##.#.# ....... .
#@.....##....... #
#.......#.........
#.##.##.#.......##
#.##.##^#######.##
#....##.# #.##
#..####.# #.#.
#..<....#### #...
##.#.......#####..
#.#.#####.##....#


You could see a deep elf archer (repels missiles) and a deep elf zephyrmancer.

Vanquished Creatures
  Rupert (D:13)
  Roxanne (D:14)
  An orc warlord (Orc:2)
  A frost giant (D:15)
  The ghost of gildax the Thaumaturge, a journeyman DjAE of Gozag (D:14)
  4 dire elephants
  Azrael (D:13)
  The ghost of temujin the Eclecticist, a journeyman DjWz of Hepliaklqana (D:14)
  Snorg (Lair:5)
  An ettin (Orc:1)
  Harold (Lair:1)
  A vault guard (D:11)
  12 hydras
  4 boulder beetles
  An ogre mage (D:15)
  A catoblepas (Lair:6)
  8 centaur warriors
  8 two-headed ogres
  2 dancing weapons (Elf:1)
  5 tengu warriors
  2 death yaks (Lair:6)
  3 orc high priests (Orc:2)
  Sonja (Lair:5)
  A spectral death yak (Lair:6)
  A spectral anaconda (Lair:6)
  An obsidian statue (Lair:6)
  10 orc knights
  3 necromancers (Lair:6)
  2 deep elf archers (Elf:1)
  A lindwurm (Lair:3)
  2 deep elf zephyrmancers (Elf:1)
  A deep elf pyromancer (D:14)
  2 manticores
  4 oklob plants (Lair:4)
  6 cyclopes
  6 ugly things
  19 elephants
  2 orc sorcerers (Orc:2)
  An ice statue (Lair:3)
  6 black mambas
  Joseph (D:7)
  A gargoyle (D:12)
  2 dire elephant skeletons (Lair:6)
  10 cane toads
  6 yaktaurs (D:15)
  8 komodo dragons
  2 rime drakes (Lair:4)
  A tengu conjurer (D:14)
  2 freezing wraiths
  A yaktaur (shapeshifter) (D:12)
  A kobold demonologist (D:9)
  4 trolls
  A queen bee (shapeshifter) (D:15)
  A hornet (D:13)
  A polar bear (Lair:6)
  7 dream sheep (Lair:6)
  3 slime creatures (D:15)
  9 blink frogs
  A spectral elephant (Lair:6)
  A water elemental (D:14)
  Sigmund (D:3)
  A shadow (D:11)
  3 wraiths
  6 basilisks
  2 vampires
  6 wyverns
  16 humans
  4 fire elementals (D:13)
  A steam dragon (D:9)
  49 yaks
  3 death yak simulacra
  3 wargs (Orc:2)
  A spectral cane toad (Lair:6)
  4 acid dragons
  11 water moccasins
  Duvessa (D:6)
  4 hell hounds (D:13)
  43 orc warriors
  A sky beast (D:7)
  2 black bears
  An elephant zombie (Lair:6)
  10 wolves
  14 ogres
  20 centaurs
  A phantom (D:7)
  3 kobold brigands
  2 earth elementals (D:13)
  10 bullfrogs
  3 scorpions
  2 wyvern zombies
  A wyvern skeleton (D:7)
  A cane toad simulacrum (Lair:3)
  A water moccasin skeleton (D:5)
  Dowan (D:6)
  3 elephant simulacra
  5 wights (D:8)
  3 howler monkeys
  A vampire bat (Orc:2)
  A lava snake (D:7)
  An electric eel (D:15)
  3 centaur zombies
  15 orc priests
  A centaur skeleton (D:6)
  4 hounds
  A gnoll shaman (D:4)
  A jelly (D:6)
  Terence (D:2)
  Jessica (D:2)
  6 iguanas
  22 orc wizards
  A wolf simulacrum (IceCv)
  4 howler monkey zombies
  Robin (D:3)
  7 gnolls
  A howler monkey skeleton (D:6)
  6 adders
  A shadow imp (D:6)
  2 ufetubi (D:5)
  2 worms (D:2)
  The ghost of Zippel the Covert, a weakling GnDe (D:5)
  87 orcs
  9 bats
  8 endoplasms
  4 giant cockroaches
  22 goblins
  7 hobgoblins
  6 jackals
  8 quokkas
  10 ball pythons
  A frilled lizard (D:3)
  24 kobolds
  7 rats
  3 butterflies (Lair:4)
  A fire vortex (D:15)
717 creatures vanquished.

Vanquished Creatures (others)
  442 fulminant prisms
  61 fungi
  99 plants
  24 withered plants (Lair:6)
626 creatures vanquished.

Grand Total: 1343 creatures vanquished

Notes
Turn   | Place    | Note
-------+----------+-------------------------------------------
     0 | D:1      | KamiKatze the Deep Elf Conjurer began the quest for the
                  | Orb.
     0 | D:1      | Reached XP level 1. HP: 10/10 MP: 6/6
    64 | D:1      | You fall into a shaft and drop 1 floor!
   276 | D:2      | Noticed Jessica
   355 | D:1      | Reached XP level 2. HP: 15/15 MP: 4/8
   369 | D:1      | Learned a level 2 spell: Searing Ray
   837 | D:1      | Reached XP level 3. HP: 19/19 MP: 7/10
  1258 | D:2      | Reached skill level 4 in Spellcasting
  1324 | D:2      | You fall into a shaft and drop 1 floor!
  1324 | D:3      | Noticed Sigmund
  1337 | D:3      | Killed Sigmund
  1338 | D:3      | Reached skill level 5 in Spellcasting
  1338 | D:3      | Reached skill level 5 in Conjurations
  1338 | D:3      | Reached XP level 4. HP: 21/24 MP: 5/13
  1338 | D:3      | Reached XP level 5. HP: 25/28 MP: 5/15
  1455 | D:2      | Learned a level 4 spell: Fulminant Prism
  1460 | D:2      | Learned a level 4 spell: Iskenderun's Mystic Blast
  1476 | D:2      | Found a faded altar of an unknown god.
  1501 | D:2      | Noticed Terence
  1517 | D:2      | Killed Terence
  1887 | D:2      | Killed Jessica
  1888 | D:2      | Reached skill level 1 in Hexes
  1888 | D:2      | Reached XP level 6. HP: 29/32 MP: 10/16
  1966 | D:3      | Reached skill level 1 in Translocations
  1974 | D:2      | Reached skill level 6 in Spellcasting
  2372 | D:3      | Noticed Robin
  2592 | D:3      | Killed Robin
  2825 | D:4      | Found a shimmering altar of Xom.
  2856 | D:4      | Found a shimmering altar of Xom.
  2866 | D:4      | Found a shimmering altar of Xom.
  2866 | D:4      | Found a shimmering altar of Xom.
  2866 | D:4      | Found a shimmering altar of Xom.
  2870 | D:4      | Found a shimmering altar of Xom.
  2870 | D:4      | Found a shimmering altar of Xom.
  3384 | D:4      | Reached XP level 7. HP: 36/36 MP: 13/18
  3494 | D:4      | Identified the +8 great mace "Jellyslayer" {vorpal, Str-3
                  | Dex+6}
  3811 | D:5      | Entered Level 5 of the Dungeon
  3819 | D:5      | Reached skill level 7 in Spellcasting
  4115 | D:5      | Found a runed translucent gate.
  4115 | D:5      | Noticed Zippel's ghost (weakling GnDe)
  4116 | D:5      | Found a runed translucent gate.
  4117 | D:5      | Found a runed translucent gate.
  4456 | D:5      | Reached XP level 8. HP: 7/41 MP: 10/21
  5041 | D:5      | Reached skill level 5 in Hexes
  5319 | D:6      | Reached skill level 8 in Spellcasting
  5419 | D:6      | Noticed Dowan
  5440 | D:6      | Killed Dowan
  5441 | D:6      | Noticed Duvessa
  5461 | D:6      | Killed Duvessa
  5709 | D:6      | Reached skill level 5 in Translocations
  6039 | D:7      | Reached skill level 1 in Shields
  6109 | D:7      | Noticed Joseph
  6402 | D:7      | Reached XP level 9. HP: 25/45 MP: 7/23
  6818 | D:7      | Reached skill level 9 in Spellcasting
  6962 | D:7      | HP: 2/45 [Joseph/sling bullet (5)]
  6964 | D:7      | Killed Joseph
  7112 | D:7      | Found a staircase to the Ecumenical Temple.
  7119 | Temple   | Entered the Ecumenical Temple
  7302 | Temple   | Became a worshipper of Vehumet
  7939 | D:7      | Got Dekli's Almanac of Venomous Companions
  8757 | D:8      | Found a staircase to the Lair.
  8758 | D:8      | Noticed a komodo dragon
  8788 | D:8      | Killed a komodo dragon
  8789 | D:8      | Reached XP level 10. HP: 51/51 MP: 11/25
  9055 | D:9      | Reached skill level 1 in Fighting
  9057 | D:9      | Reached * piety under Vehumet
  9057 | D:9      | Offered knowledge of Freeze by Vehumet.
  9349 | D:9      | Reached skill level 10 in Spellcasting
 10218 | D:10     | Entered Level 10 of the Dungeon
 10547 | D:10     | Identified the +2 long sword of Animal Spirits {pain,
                  | Fragile rC+ Str+4}
 10642 | D:10     | Found Baxaesta's General Store.
 10646 | D:10     | Found Ifeet's Specific Store.
 11039 | D:11     | Noticed a five-headed hydra
 11237 | Lair:1   | Entered Level 1 of the Lair of Beasts
 11262 | Lair:1   | Noticed a cane toad
 11275 | Lair:1   | Killed a cane toad
 11276 | Lair:1   | Reached skill level 1 in Earth Magic
 11318 | Lair:1   | Noticed a cane toad
 11428 | Lair:1   | Killed a cane toad
 11896 | Lair:1   | Noticed Harold
 11913 | Lair:1   | Offered knowledge of Shock by Vehumet.
 11913 | Lair:1   | Reached ** piety under Vehumet
 11914 | Lair:1   | Reached XP level 11. HP: 27/60 MP: 15/27
 11922 | Lair:1   | Killed Harold
 11923 | Lair:1   | Reached skill level 11 in Spellcasting
 12174 | Lair:1   | Noticed a six-headed hydra
 12196 | Lair:1   | Killed a six-headed hydra
 12197 | Lair:1   | Reached skill level 10 in Conjurations
 12364 | Lair:1   | Noticed a four-headed hydra
 12374 | Lair:1   | Killed a four-headed hydra
 12755 | Lair:1   | Noticed a four-headed hydra
 12775 | Lair:1   | Killed a four-headed hydra
 12776 | Lair:1   | Reached skill level 5 in Stealth
 13992 | Lair:3   | Noticed a lindwurm
 14040 | Lair:3   | Identified a scroll of acquirement
 14058 | Lair:3   | Found a staircase to the Shoals.
 14063 | Lair:3   | Found a frozen archway.
 14113 | IceCv    | Entered an ice cave
 14356 | Lair:3   | Found a hole to the Spider Nest.
 14376 | Lair:3   | Noticed a boulder beetle
 14425 | Lair:3   | Killed a lindwurm
 14443 | Lair:3   | Reached skill level 5 in Dodging
 14453 | Lair:3   | Reached skill level 5 in Earth Magic
 14544 | Lair:3   | Learned a level 5 spell: Manifold Assault
 14602 | Lair:3   | Killed a boulder beetle
 14724 | Lair:3   | Reached skill level 12 in Spellcasting
 14759 | Lair:2   | Reached XP level 12. HP: 44/66 MP: 9/30
 15815 | Lair:4   | Offered knowledge of Ignite Poison by Vehumet.
 16166 | Lair:4   | Reached *** piety under Vehumet
 16290 | Lair:3   | Learned a level 3 spell: Ignite Poison
 16295 | Lair:3   | Learned a level 4 spell: Olgreb's Toxic Radiance
 16533 | Lair:4   | Reached skill level 1 in Fire Magic
 16533 | Lair:4   | Reached skill level 1 in Poison Magic
 16677 | Lair:4   | Found a sparkling altar of Nemelex Xobeh.
 17436 | Lair:4   | Reached skill level 13 in Spellcasting
 17596 | Lair:4   | Reached skill level 5 in Fighting
 17956 | Lair:5   | Offered knowledge of Sticky Flame by Vehumet.
 18034 | Lair:5   | Noticed a six-headed hydra
 18034 | Lair:5   | Noticed an eight-headed hydra
 18034 | Lair:5   | Noticed Snorg
 18093 | Lair:5   | Killed an eight-headed hydra
 18102 | Lair:5   | Noticed Sonja
 18110 | Lair:5   | Killed Sonja
 18357 | Lair:5   | Killed Snorg
 18358 | Lair:5   | Reached XP level 13. HP: 72/72 MP: 11/32
 18833 | Lair:5   | Found a broken altar of Ashenzari.
 19213 | Lair:5   | Got the Collected Works on Freezing Contamination
 19244 | Lair:6   | Entered Level 6 of the Lair of Beasts
 19447 | Lair:6   | Reached **** piety under Vehumet
 19451 | Lair:6   | Offered knowledge of Airstrike by Vehumet.
 19641 | Lair:6   | Reached skill level 5 in Poison Magic
 19644 | Lair:6   | Reached skill level 5 in Fire Magic
 20119 | Lair:6   | Reached skill level 14 in Spellcasting
 20353 | Lair:6   | Found a viscous altar of Jiyva.
 20354 | Lair:6   | Found a staircase to the Slime Pits.
 20366 | Lair:6   | Reached ***** piety under Vehumet
 20378 | Lair:6   | Offered knowledge of Lee's Rapid Deconstruction by Vehumet.
 20385 | Lair:6   | Learned a level 5 spell: Lee's Rapid Deconstruction
 21148 | D:11     | Found a runed translucent gate.
 21148 | D:11     | Found a runed translucent gate.
 21157 | D:11     | Found a runed translucent gate.
 21158 | D:11     | Noticed Ywein's ghost (journeyman GrBe)
 21159 | D:11     | Noticed Sopaderocas's ghost (journeyman DDNe)
 21159 | D:11     | Noticed ildemir's ghost (journeyman MiFi)
 21159 | D:11     | Noticed Tzialkovskiy's ghost (journeyman TrFi)
 21159 | D:11     | Noticed Tzialkovskiy's ghost (journeyman TrFi)
 21344 | D:11     | Found a portal to a secret trove of treasure.
 21657 | D:11     | Reached XP level 14. HP: 79/79 MP: 27/34
 23297 | D:12     | Found Qihuddie's Book Shoppe.
 23302 | D:12     | Bought the Unrestrained Analects for 440 gold pieces
 23337 | D:12     | Found a staircase to the Orcish Mines.
 23490 | D:12     | You fall into a shaft and drop 2 floors!
 23648 | D:13     | Noticed Rupert
 23648 | D:13     | Found a gate to the Vaults.
 24392 | Orc:1    | Entered Level 1 of the Orcish Mines
 24392 | Orc:1    | Found Piusaff's Mass Market.
 24854 | Orc:1    | Reached skill level 15 in Spellcasting
 25338 | Orc:1    | Offered knowledge of Iskenderun's Battlesphere by Vehumet.
 25946 | Orc:2    | Entered Level 2 of the Orcish Mines
 25987 | Orc:2    | Noticed an orc warlord
 26349 | Orc:2    | Found Voadiny's General Store.
 26615 | Orc:2    | Killed an orc warlord
 27075 | Orc:2    | Found Moffumim's Book Emporium.
 27101 | Orc:2    | Bought a book of Dangerous Friends for 480 gold pieces
 27109 | Orc:2    | Learned a level 7 spell: Orb of Destruction
 27236 | Orc:2    | Found Teiruck's Antique Armour Shoppe.
 27276 | Orc:2    | Found a staircase to the Elven Halls.
 27299 | Orc:2    | Found Ydohosyirch's Antique Weapon Shop.
 27661 | D:5      | Killed Zippel's ghost
 28285 | D:12     | Acquired an amulet of magic regeneration
 28681 | D:13     | Killed Rupert
 28681 | D:13     | Offered knowledge of Lightning Bolt by Vehumet.
 28867 | D:13     | Reached XP level 15. HP: 64/85 MP: 25/36
 29236 | D:13     | Found Rasmaomae's Pet Rocks.
 29240 | D:13     | Bought a book of Iron for 576 gold pieces
 29403 | D:13     | Noticed Azrael
 29950 | D:13     | Acquired the Papyrus of Excruciating Air
 30054 | D:13     | Killed Azrael
 30097 | D:14     | Noticed Roxanne
 30608 | D:14     | Reached skill level 16 in Spellcasting
 30940 | D:14     | Reached skill level 1 in Air Magic
 31369 | D:14     | Found a runed translucent gate.
 31370 | D:14     | Found a runed translucent gate.
 31370 | D:14     | Found a runed translucent gate.
 31372 | D:14     | Noticed temujin's ghost (journeyman DjWz)
 31372 | D:14     | Noticed gildax's ghost (journeyman DjAE)
 31426 | D:14     | Killed Roxanne
 32024 | D:15     | Entered Level 15 of the Dungeon
 33416 | D:15     | Found a staircase to the Depths.
 33416 | D:15     | Noticed a frost giant
 33476 | D:15     | Killed a frost giant
 34231 | D:14     | Killed gildax's ghost
 34236 | D:14     | Killed temujin's ghost
 34237 | D:14     | Reached skill level 10 in Fire Magic
 34292 | D:14     | Identified the ring of Deanif {Drain Fly rF+ Str+8 Dex-4}
 34675 | Lair:3   | Found the +7 great mace "Undeadhunter" {disrupt, rN+}
 35048 | Lair:6   | Reached skill level 10 in Earth Magic
 35340 | Lair:6   | Reached skill level 17 in Spellcasting
 35340 | Lair:6   | Reached skill level 5 in Air Magic
 35452 | Lair:6   | Reached XP level 16. HP: 92/92 MP: 36/39
 35960 | D:8      | Learned a level 6 spell: Iron Shot
 36109 | Orc:2    | Bought a pair of glowing boots for 195 gold pieces
 36158 | Elf:1    | Entered Level 1 of the Elven Halls
 36265 | Elf:1    | Killed from afar by a deep elf zephyrmancer

Illustrated notes

Levels and vault maps discovered:
D:1:      kennysheep_arrival_forest, layout_rooms, minmay_misc_feat_nine_boxes
D:2:      layout_loops_ring, shapermc_ecumenical_altar_pompeii, uniq_terence,
          uniq_jessica
D:3:      layout_basic, uniq_sigmund, uniq_robin
D:4:      layout_basic, nicolae_xom_altar_mimics, fountainhead,
          roderic_lattice_a, kennysheep_generic_room_7
D:5:      layout_loops_ring, gammafunk_ghost_split, grunt_ministairs_2,
          chequers_serial_rivers_room_b
D:6:      layout_loops_ring, uniq_duvessa
D:7:      layout_loops_ring, temple_fountains, kennysheep_donut, uniq_joseph
D:8:      layout_rooms, david_lair_shrubbed
D:9:      layout_cave_pods
D:10:     layout_cave_pools, nicolae_specific_store
D:11:     layout_loops_corners, enter_trove_5, gammafunk_ghost_cemetery
D:12:     layout_cave_pods, david_orc_5, serial_shops, shop
D:13:     layout_grid_maze, david_vaults_3, guppyfry_shop_earth, uniq_azrael
D:14:     layout_loops_cross, nrook_pool_corridor, gammafunk_ghost_cemetery,
          uniq_roxanne
D:15:     grunt_enter_depths_snipers, layout_small_grid, nicolae_lava_and_water
Temple:   kilobyte_greek_temple
Lair:1:   layout_regular_city, nzn_random_ring, grunt_megastairs_4, uniq_harold
Lair:2:   layout_loops_ring
Lair:3:   statuecave_lemuel, layout_long_grid, shoals_dummy_entry,
          spider_nest_entry_web_field, portal_ice_cave_entry_ice_simulacra
Lair:4:   layout_cave_pods, basic_altar, lemuel_fruit_fields,
          serial_bayou_shore_b, grunt_megastairs_1, lemuel_fruit_tree,
          lemuel_fruit_fields, infiniplex_staircase_pool,
          minmay_lair_oklob_chamber
Lair:5:   layout_big_grid, basic_altar, grunt_forest_small_clearings,
          minmay_stone_trees_small, uniq_sonja, uniq_snorg
Lair:6:   due_jungle_book, layout_gridlike, dpeg_slime_entry_enclosed_altar,
          hibernation_bobbens
Orc:1:    cheibrodos_orc_arena, layout_caves, nicolae_orc_sculptors_studio,
          nicolae_orc_bridge_out, minmay_shop_mass, nicolae_orc_rich_vein
Orc:2:    grunt_orc_gardens, layout_caves, grunt_orc_garden, grunt_orc_garden,
          grunt_orc_garden, grunt_orc_garden, roderic_batcave
Elf:1:    minmay_the_grid_triangle_9x9_recursive_3
          [minmay_the_grid_triangle_9x9_descending_squares,
          minmay_the_grid_triangle_9x9_fully_insulated_deathbox,
          minmay_the_grid_triangle_9x9_wacky_v,
          minmay_the_grid_triangle_9x9_prize_insulated,
          minmay_the_grid_triangle_9x9_impossible_snake,
          minmay_the_grid_triangle_9x9_negative_grid,
          minmay_the_grid_triangle_9x9_stretched_checkered,
          minmay_the_grid_triangle_9x9_sparse_checkered,
          minmay_the_grid_triangle_9x9_steps], layout_loops_cross,
          minmay_elf_sorcery

Skill      XL: |  1  2  3  4  5  6  7  8  9 10 11 12 13 14 15 |
---------------+----------------------------------------------+-----
Stealth        | 3 5 7 8 9 |  9.0
Spellcasting   | 5 6 7 8 9 10 12 13 14 15 17 | 17.2
Dodging        | 3 5 6 7 9 |  9.0
Conjurations   | 5 6 7 8 9 10 11 12 13 | 13.6
Hexes          | 1 2 4 6 7 9 |  9.0
Translocations | 2 3 5 6 7 9 |  9.0
Shields        | 1 4 |  4.0
Fighting       | 3 4 5 6 7 |  7.3
Earth Magic    | 2 5 6 8 9 10 | 10.2
Fire Magic     | 3 6 8 10 | 10.6
Poison Magic   | 3 6 |  6.0
Air Magic      | 5 |  5.7

Action                   |  1- 3 |  4- 6 |  7- 9 | 10-12 | 13-15 | 16-18 || total
-------------------------+-------+-------+-------+-------+-------+-------++-------
Melee: Dagger            |     7 |     4 |     5 |    74 |    82 |       ||   172
Throw: Dart              |       |       |       |     2 |       |       ||     2
 Cast: Magic Dart        |    68 |    53 |    45 |    23 |    23 |       ||   212
       Searing Ray       |     3 |    19 |    49 |    26 |    36 |       ||   133
       Fulminant Prism   |       |       |    21 |   151 |   265 |     5 ||   442
       Iskenderun's Myst |       |       |    16 |    72 |   122 |     8 ||   218
       Manifold Assault  |       |       |       |    25 |    36 |       ||    61
       Ignite Poison     |       |       |       |     1 |    36 |     2 ||    39
       Olgreb's Toxic Ra |       |       |       |     1 |    37 |     3 ||    41
       Lee's Rapid Decon |       |       |       |       |    81 |     8 ||    89
       Orb of Destructio |       |       |       |       |    26 |       ||    26
       Iron Shot         |       |       |       |       |       |     1 ||     1
  Use: Potion            |       |       |     1 |       |     1 |       ||     2
       Scroll            |       |       |       |    20 |     5 |       ||    25
 Stab: Distracted        |       |       |       |     1 |       |       ||     1
Armor: Robe              |     2 |     7 |     9 |    17 |     7 |       ||    42
       Troll leather arm |       |       |       |       |    26 |     3 ||    29
Dodge: Dodged            |    17 |    33 |    20 |    32 |    85 |     3 ||   190
Block: Other             |       |     3 |    12 |       |       |       ||    15
       Buckler           |       |       |     6 |    48 |    79 |     2 ||   135
       Reflection        |       |       |     3 |     4 |    40 |       ||    47
